Match 47031345
Unlisted

Match 47031345
End
Panzerpioneer Squad
Panzerpioneer Squad
Selects Panzerjäger Kommand Battlegroup
Panzerpioneer Squad
Construct Light Support Kompanie
Panzerjäger Squad
Panzerjäger Squad
Fire Support Elements
Panzerjäger Mechanized Group
Flakvierling Half-track
Combat Half-tracks
2.5-tonne Medical Truck
Selects Mine Fields
Selects Early Warning
Selects Butterfly Bomb Drop
Butterfly Bomb Drop
Panzerjäger Squad
Selects Tank Busters
Panzerjäger Mechanized Group
Construct Mechanized Kompanie
18-tonne Recovery Half-track
Construct Panzerarmee Kommand
Panzerjäger Mechanized Group
Butterfly Bomb Drop
Selects Crew Shock Tactics
Selects Anti-tank Overwatch
Panzer III L Medium Tank
Butterfly Bomb Drop
Panzerjäger Mechanized Group
Born1970andCOHsince2006
Bootyquake
0
0

Comments sign in to comment!

No comments posted yet!